AoeStats
← virtuose

MegaRandom

511358693Analyzed
2v2 RM · 14d ago on Oct 4, 2026· 62m 32s· 4 players
Game mode
Random Map
Map size
Medium (4 player)
Population
200
Speed
Normal
Resources
Standard
Victory
Conquest
Starting age
Dark Age
Ending age
Imperial Age
RankedLock teamsTeams togetherTeam positionsShared explorationLock speedFull tech treeHidden civsTurbo modeCheats
Victory
Defeat
🇺🇸 Spanish · United States
587
+9
🇹🇷 Tatars · Türkiye
500
+13
vs
🇩🇪 Britons · Germany
431
-11
🇩🇪 Persians · Germany
431
-11
Sake
13:45 Feudal Age
17:19 Wheelbarrow
16:39 Double-Bit Axe
16:37 Horse Collar
22:23 Castle Age
20:26 Stone Mining
20:26 Gold Mining
26:31 Hand Cart
27:38 Padded Archer Armor
29:18 Heavy Plow
29:57 Gold Shaft Mining
29:37 Bow Saw
29:47 Fletching
31:45 Scale Mail Armor
33:40 Scale Barding Armor
37:58 Town Watch
44:50 Imperial Age
42:21 Town Patrol
45:05 Chain Barding Armor
45:12 Ballistics
46:55 Heavy Cavalry Archer
49:57 Squires
49:17 Pikeman
50:19 Elite Keshik
52:48 Chemistry
51:59 Masonry
51:47 Murder Holes
51:40 Capped Ram
53:26 Heated Shot
54:14 Plate Barding Armor
53:50 Forging
53:36 Bodkin Arrow
57:14 Siege Ram
58:49 Caravan
59:19 Coinage
59:00 Guilds
59:54 Bracer
60:30 Iron Casting
60:11 Leather Archer Armor
limetree1978
13:09 Feudal Age
13:39 Horse Collar
14:43 Double-Bit Axe
22:36 Castle Age
21:33 Stone Mining
25:54 Husbandry
27:24 Arson
28:17 Squires
29:18 Gold Mining
29:42 Heavy Plow
33:17 Bow Saw
35:26 Padded Archer Armor
38:01 Imperial Age
36:20 Wheelbarrow
36:55 Coinage
36:41 Scale Mail Armor
36:31 Town Watch
37:05 Pikeman
38:25 Scale Barding Armor
38:36 Fervor
39:27 Loom
41:39 Hand Cart
41:45 Fletching
43:24 Chain Barding Armor
43:53 Guilds
44:50 Man-at-Arms
45:16 Gambesons
46:53 Chemistry
46:31 Plate Barding Armor
45:41 Light Cavalry
46:31 Bloodlines
45:46 Cavalier
48:59 Long Swordsman
49:56 Arrowslits
50:32 Ballistics
50:30 Chain Mail Armor
50:26 Forging
51:43 Hoardings
51:46 Inquisition
52:01 Town Patrol
53:04 Plate Mail Armor
52:50 Leather Archer Armor
52:10 Hussar
54:26 Iron Casting
53:46 Bodkin Arrow
53:55 Halberdier
61:16 Conscription
Niko7_1
2:06 Loom
12:15 Feudal Age
13:29 Wheelbarrow
15:01 Gold Mining
15:10 Double-Bit Axe
15:36 Horse Collar
19:59 Castle Age
21:38 Caravan
27:49 Bow Saw
27:43 Heavy Plow
31:35 Imperial Age
32:37 Elite War Elephant
35:22 Conscription
36:59 Two-Man Saw
36:36 Crop Rotation
36:25 Forging
37:43 Iron Casting
39:39 Blast Furnace
42:53 Gold Shaft Mining
43:45 Fletching
43:57 Padded Archer Armor
52:41 Crossbowman
53:55 Bodkin Arrow
54:15 Leather Archer Armor
54:11 Kamandaran
62:59 Devotion
virtuose
0:43 Loom
13:08 Feudal Age
16:10 Padded Archer Armor
16:01 Fletching
16:13 Gold Mining
16:11 Double-Bit Axe
23:42 Castle Age
24:20 Crossbowman
27:20 Stone Mining
29:05 Bow Saw
29:34 Gold Shaft Mining
30:38 Leather Archer Armor
30:47 Bodkin Arrow
34:39 Wheelbarrow
37:57 Ballistics
41:06 Imperial Age
38:28 Town Watch
42:35 Elite Longbowman
47:56 Bracer
49:30 Chemistry
50:58 Ring Archer Armor
49:53 Pikeman
52:30 Conscription
Connection lost

Rejoining the realm…

Still unreachable

The connection could not be restored.

Session expired

The server has moved on; the page needs a fresh start.